 Dungeon Crawl Stone Soup version 0.28-a0-537-g3bccd9ccbf (webtiles) character file.

Game seed: 11311620033298058106

61 tilp the Magician (level 3, 14/14 HPs)
             Began as a Felid Hedge Wizard on Sept 28, 2021.
             Quit the game on level 4 of the Dungeon.
             The game lasted 00:06:42 (4359 turns).

tilp the Magician (Felid Hedge Wizard)              Turns: 4359, Time: 00:06:43

Health: 14/14      AC:  5    Str:  6    XL:     3   Next: 83%
Magic:  9/9        EV: 17    Int: 16    God:
Gold:   149        SH:  0    Dex: 15    Spells: 2/9 levels left
                                        Lives:  0   Deaths: 1

rFire   . . .      SeeInvis +   (weapon unavailable)
rCold   . . .      Faith    .   (shield unavailable)
rNeg    . . .      Spirit   .   (armour unavailable)
rPois   .          Reflect  .   (helmet unavailable)
rElec   .          Harm     .   (cloak unavailable)
rCorr   .          Rampage  .   (gloves unavailable)
Will    +....                   (boots unavailable)
Stlth   ++........              (no amulet)
HPRegen 0.04/turn               b - +4 ring of protection
MPRegen 0.11/turn               g - ring of willpower

@: quick
A: very small, claws 1, fangs 3, see invisible, speed 1, shaggy fur 1, stealthy
paws, no weapons or thrown items, no armour, multi-lived
a: no special abilities


You were on level 4 of the Dungeon.
You visited 1 branch of the dungeon, and saw 4 of its levels.

You collected 149 gold pieces.

Inventory:

Jewellery
 b - a +4 ring of protection (left paw)
 g - a ring of willpower (right paw)
 h - a +4 ring of evasion
Scrolls
 a - 2 scrolls of holy word
 d - a scroll of teleportation
Potions
 c - a potion of flight
 e - a potion of curing {unknown}
 f - a potion of heal wounds {unknown}
 i - a potion of might {unknown}
 l - a potion of magic {unknown}


   Skills:
 - Level 2.6 Dodging
 - Level 2.6 Stealth
 + Level 3.8 Spellcasting
 * Level 3.5 Conjurations
 - Level 1.0 Summonings
 - Level 1.5 Translocations


You had 2 spell levels left.
You knew the following spells:

 Your Spells              Type           Power      Damage    Failure   Level
a - Magic Dart            Conj           56%        1d5       4%          1
b - Call Imp              Summ           6%         N/A       17%         2
c - Blink                 Tloc           N/A        N/A       14%         2
d - Slow                  Hex            3%         N/A       26%         2

Your spell library contained the following spells:

 Spells                   Type           Power      Damage    Failure   Level
 Conjure Flame            Conj/Fire      8%         6-21      24%         3
 Gell's Gravitas          Tloc           3%         N/A       28%         3
 Lesser Beckoning         Tloc           7%         N/A       28%         3
 Teleport Other           Tloc           7%         N/A       28%         3
 Mephitic Cloud           Conj/Pois/Air  6%         N/A       32%         3


Dungeon Overview and Level Annotations

Branches:
Dungeon (4/15)
 Temple: D:4-7

Altars:
Ashenzari
Uskayaw


Innate Abilities, Weirdness & Mutations

You have sharp claws.
You have razor-sharp teeth.
You have supernaturally acute eyesight. (SInv)
You cover ground quickly. (Speed+)
You are covered in fur. (AC +1)
Your paws help you pounce on unaware monsters.
You are incapable of wielding weapons or throwing items.
You cannot wear armour.
You gain extra lives every three experience levels.


Message History

Casting: Magic Dart (safe; 4% risk of failure)
Confirm with . or Enter, or press ? or * to list all spells.
You miscast Blink.
You are very lightly contaminated with residual magic.
Nothing appears to happen.
The ogre closely misses you.
Casting: Blink (safe; 14% risk of failure)
Confirm with . or Enter, or press ? or * to list all spells.
You don't have enough magic to cast this spell.
Casting: Blink (safe; 14% risk of failure)
Confirm with . or Enter, or press ? or * to list all spells.
Aiming: Magic Dart (safe; 4% risk of failure)
Press: ? - help, Shift-Dir - straight line, f/p - ogre
Aim: an ogre, wielding a +0 giant club (severely wounded, 100% to hit)
The magic dart hits the ogre.
The ogre is severely wounded.
The ogre misses you.
Unknown command.
You barely miss the ogre.
The ogre is severely wounded.
You closely miss the ogre.
The ogre is severely wounded.
The ogre closely misses you.
Casting: Magic Dart (safe; 4% risk of failure)
Confirm with . or Enter, or press ? or * to list all spells.
Aiming: Magic Dart (safe; 4% risk of failure)
Press: ? - help, Shift-Dir - straight line, f/p - ogre
Aim: an ogre, wielding a +0 giant club (severely wounded, ally target, 100% to hit)
The magic dart hits the ogre.
The ogre is severely wounded.
The ogre barely misses you.
Okay, then.
You scratch the ogre.
The ogre is almost dead.
The ogre hits you with a +0 giant club!!
Ouch! That really hurt!
You die...
You are now level 3!
You rejoin the land of the living...
Found a hide-covered altar of Uskayaw.
Are you sure you want to abandon this character and quit the game? (Confirm with "yes".)

Z. .#. #. #.#. #.
##... #. #....
#+####.##....
######≈≈≈.$...≈≈...
#.≈≈≈≈....≈≈.≈.≈...
#.......≈≈.........
#_@≈≈≈......[≈.....
#.......≈≈.......5.
#.≈≈≈≈....≈≈.5.≈#.#
######≈≈≈.....≈≈#.#
+..........).
#+####......#
#......# #......#
+.......


There were no monsters in sight!

Vanquished Creatures
  6 adders
  2 worms (D:3)
  3 dart slugs
  An orc (D:3)
  6 ball pythons
  6 endoplasms
  2 giant cockroaches (D:3)
  3 goblins
  3 hobgoblins (D:1)
  2 jackals (D:2)
  5 kobolds
  5 quokkas
  5 bats
  A frilled lizard (D:1)
  3 rats
53 creatures vanquished.

Vanquished Creatures (collateral kills)
  A worm (D:2)
1 creature vanquished.

Grand Total: 54 creatures vanquished

Notes
Turn   | Place    | Note
-------+----------+-------------------------------------------
     0 | D:1      | tilp the Felid Hedge Wizard began the quest for the Orb.
     0 | D:1      | Reached XP level 1. HP: 7/7 MP: 5/5
    86 | D:1      | Reached skill level 1 in Conjurations
   551 | D:1      | Reached XP level 2. HP: 9/11 MP: 0/7
   618 | D:1      | Learned a level 2 spell: Call Imp
   621 | D:1      | Learned a level 2 spell: Blink
   624 | D:1      | Learned a level 2 spell: Slow
  1721 | D:2      | Reached XP level 3. HP: 14/14 MP: 0/8
  2117 | D:2      | Found a broken altar of Ashenzari.
  2731 | D:3      | Reached XP level 4. HP: 18/18 MP: 6/10
  4336 | D:4      | Noticed an ogre
  4358 | D:4      | Slain by an ogre
  4359 | D:4      | Reached XP level 3. HP: -5/14 MP: 0/9
  4359 | D:4      | Found a hide-covered altar of Uskayaw.
  4359 | D:4      | Quit the game

Illustrated notes

Levels and vault maps discovered:
D:1:      minmay_arrival_three_doors, layout_rooms, hangedman_glass_teeth,
          amcnicky_mini_pool_small
D:2:      layout_rooms, basic_altar
D:3:      layout_loops_ring, hangedman_decor_peaks_small
D:4:      wander_river, layout_basic, nicolae_uskayaw_suspiria,
          marbit_many_paths, uniq_menkaure, uniq_pikel, uniq_duvessa,
          uniq_eustachio

Skill      XL: |  1  2  3  4 |
---------------+-------------+-----
Conjurations   | 1 2 3 |  3.5
Dodging        | |  2.6
Stealth        | |  2.6
Spellcasting   | |  3.8
Summonings     | |  1.0
Translocations | |  1.5

Action                   |  1- 3 |  4- 6 || total
-------------------------+-------+-------++-------
Melee: Unarmed           |     9 |     8 ||    17
       Bite              |     1 |     1 ||     2
 Cast: Magic Dart        |   100 |    91 ||   191
       Call Imp          |     1 |     2 ||     3
  Use: Scroll            |     4 |     2 ||     6
Armor: Skin              |     7 |     3 ||    10
Dodge: Dodged            |    26 |    20 ||    46

Table legend: (Time is in decaauts)
 A = Elapsed time spent in this place.
 B = Non-inter-level travel time spent in this place.
 C = Inter-level travel time spent in this place.
 D = Time resting spent in this place.
 E = Time spent auto-exploring this place.
 F = Levels seen in this place.
 G = Mean time per level.
                   A        B        C        D        E       F      G
               +--------+--------+--------+--------+--------+-----+--------+
         Total |   4046 |   3871 |    175 |   1980 |   1399 |   4 | 1011.5 |
       Dungeon |   4046 |   3871 |    175 |   1980 |   1399 |   4 | 1011.5 |
               +--------+--------+--------+--------+--------+-----+--------+

Top non-repeatable levels by time:
     D:1: 1817 daAuts
     D:3: 1250 daAuts
     D:2: 854 daAuts
     D:4: 123 daAuts
